 Dungeon Crawl Stone Soup version 0.22.0-38-g04b72b8 (webtiles) character file.

35 Lew the Sneak (level 3, 26/26 HPs)
             Began as an Octopode Fighter on Aug 30, 2018.
             Quit the game on level 1 of the Dungeon.
             The game lasted 00:01:04 (485 turns).

Lew the Sneak (Octopode Fighter)                     Turns: 485, Time: 00:01:05

Health: 26/26      AC:  1    Str: 11 (12) XL:     3   Next: 33%
Magic:  3/3        EV: 11    Int:  7 (10) God:
Gold:   44         SH:  8    Dex: 10 (12) Spells: 2/2 levels left

rFire    . . .     SeeInvis .   a - +0 war axe
rCold    . . .     Gourm    .   b - +0 shield
rNeg     . . .     Faith    .   (helmet restricted)
rPois    .         Spirit   .   (no amulet)
rElec    .         Reflect  .   f - ring of teleportation (curse)
rCorr    .         Harm     .   g - -3 ring of strength (curse)
MR       .....     Rnd*Tele +   (no ring)
Stlth    +++.......             (no ring)
HPRegen  0.08/turn              (no ring)
MPRegen  0.08/turn              (no ring)
                                (no ring)
                                (no ring)

@: very slightly contaminated
A: almost no armour, stealthy swim, amphibious, 8 rings, constrict 8, camouflage
1, gelatinous body 1
a: no special abilities


You were on level 1 of the Dungeon.
You were not hungry.

You visited 1 branch of the dungeon, and saw 1 of its levels.

You collected 44 gold pieces.

Inventory:

Hand Weapons
 a - a +0 war axe (weapon)
Armour
 b - a +0 shield (worn)
Jewellery
 f - a cursed ring of teleportation (left tentacle)
 g - a cursed -3 ring of strength (right tentacle)
Potions
 c - a potion of might
 i - a potion of degeneration
Comestibles
 d - 4 rations


   Skills:
 - Level 3.0 Fighting
 + Level 2.6 Axes
 - Level 3.0 Dodging
 * Level 3.4 Stealth
 - Level 3.0 Shields


You had 2 spell levels left.
You didn't know any spells.
Your spell library was empty.

Dungeon Overview and Level Annotations

Branches:
Dungeon (1/15)

Altars:


Innate Abilities, Weirdness & Mutations

You cannot wear most types of armour.
You are very stealthy in the water. (Stealth+)
You are amphibious.
You can wear up to eight rings at the same time.
You can use your tentacles to constrict eight enemies at once.
Your skin changes colour to match your surroundings (Stealth+).
Your rubbery body absorbs attacks. (AC +1, EV +1)


Message History

You see here a goblin skeleton.
Done exploring.
Done exploring.
Done exploring.
Done exploring.
Done exploring.
As you read the scroll labeled REDUWY AGHEOSCH, it crumbles to dust.
You assume a fearsome visage.
Nothing appears to happen.
It was a scroll of fear.
Blink to where?
Press: ? - help, Dir - move target cursor You are very lightly contaminated with residual magic.
As you read the scroll labeled FEURHYSUCW, it crumbles to dust.
It was a scroll of blinking.
As you read the scroll labeled OMIUMAT ETIRO, it crumbles to dust.
You feel momentarily disoriented.
It was a scroll of magic mapping.
It was a potion of degeneration.
There was something very wrong with that liquid.
You feel weakened.
You feel dopey.
You feel clumsy.
Are you sure you want to abandon this character and quit the game? (Confirm with "yes".)

############
#..........#
#..........#
#..........# ###
#..........# ##..
#..........########...
#....................÷
#..).@.....#######....
#..........# #....
#..........## ##...
#...........# ##..
###########.# ###..#
#÷## #...##
######..####.##..
#................
##.........#.....


There were no monsters in sight!

Vanquished Creatures
  An ooze (D:1)
  A dart slug (D:1)
  A leopard gecko (D:1)
  A ball python (D:1)
  4 bats (D:1)
  4 giant cockroaches (D:1)
  5 goblins (D:1)
  3 frilled lizards (D:1)
  4 kobolds (D:1)
  3 rats (D:1)
27 creatures vanquished.

Notes
Turn   | Place    | Note
-------+----------+-------------------------------------------
     0 | D:1      | Lew the Octopode Fighter began the quest for the Orb.
     0 | D:1      | Reached XP level 1. HP: 16/16 MP: 1/1
    46 | D:1      | Reached skill level 1 in Stealth
    51 | D:1      | Reached XP level 2. HP: 21/21 MP: 2/2
   154 | D:1      | Reached XP level 3. HP: 23/26 MP: 3/3
   485 | D:1      | Quit the game

Skill      XL: |  1  2 |
---------------+-------+-----
Stealth        | 2 3 |  3.4
Fighting       | |  3.0
Axes           | |  2.6
Dodging        | |  3.0
Shields        | |  3.0

Action                   || total
-------------------------++-------
Melee: War axe           ||    41
       Constrict         ||     9
       Tentacles         ||     4
  Use: Scroll            ||     3
       Potion            ||     1
 Stab: Sleeping          ||     7
Armor: Skin              ||     4
Dodge: Dodged            ||    18
Block: Shield            ||    13
